 Dungeon Crawl Stone Soup version 0.27.0-1-g7a089689b8 (webtiles) character file.

Game seed: 10977856887785028009

423 theswoord the Slasher (level 6, 0/44 HPs)
             Began as a Demonspawn Gladiator on Aug 8, 2021.
             Was an Initiate of Wu Jian.
             Slain by a hornet (10 damage)
             ... on level 4 of the Dungeon.
             The game lasted 00:04:58 (4334 turns).

theswoord the Slasher (Demonspawn Gladiator)        Turns: 4334, Time: 00:04:58

Health: 0/44       AC: 13    Str: 12 (15) XL:     6   Next: 63%
Magic:  6/6        EV:  9    Int:  6 (9)  God:    Wu Jian [......]
Gold:   179        SH:  0    Dex: 14 (16) Spells: 5/5 levels left

rFire    . . .     SeeInvis .   a - +0 long sword
rCold    . . .     Faith    .   (no shield)
rNeg     . . .     Spirit   .   h - +0 scale mail
rPois    .         Reflect  .   c - +0 helmet
rElec    .         Harm     .   (no cloak)
rCorr    .         Rampage  .   (no gloves)
Will     .....                  (no boots)
Stlth    ..........             (no amulet)
HPRegen  0.14/turn              (no ring)
MPRegen  0.10/turn              (no ring)

@: sanguine armoured, slowed, very slow
A: hooves 1, ignite blood 2, powered by death 1, sanguine armour 1
a: Renounce Religion


You were on level 4 of the Dungeon.
You worshipped Wu Jian.
Wu Jian was noncommittal.
You visited 2 branches of the dungeon, and saw 5 of its levels.

You collected 179 gold pieces.

Inventory:

Hand Weapons
 a - a +0 long sword (weapon)
Missiles
 d - a throwing net (quivered)
Armour
 b - a +0 leather armour
 c - a +0 helmet (worn)
 h - a +0 scale mail (worn)
 i - a +0 pair of boots
Potions
 e - 2 potions of attraction


   Skills:
 - Level 2.0 Fighting
 + Level 6.9 Long Blades
 - Level 1.7 Throwing
 - Level 2.6 Dodging


You had 5 spell levels left.
You didn't know any spells.
Your spell library was empty.

Dungeon Overview and Level Annotations

Branches:
Dungeon (4/15)             Temple (1/1) D:4

Altars:
Ashenzari
Cheibriados
Dithmenos
Gozag
Hepliaklqana
Kikubaaqudgha
Makhleb
Okawaru
Qazlal
Ru
Sif Muna
Wu Jian
Xom
Yredelemnul
Zin
The Shining One


Innate Abilities, Weirdness & Mutations

You have large cloven feet.
Your demonic aura often causes spilled blood to erupt in flames.
You regenerate a little health from kills.
When seriously injured, your bleeding wounds create armour. (AC +6)


Message History

Press: ? - help, Q - select action Shift-Dir - straight line, f - hornet
Aim: a hornet (44% to hit)
You throw a throwing net. The throwing net hits the hornet.
The hornet is caught in the net!
The hornet struggles against the net. x2
You lunge at the hornet.
You strike the helpless hornet from behind!
You slash the hornet! Your kick misses the hornet.
The hornet is moderately wounded.
The hornet struggles against the net.
The net rips apart, and the hornet comes free!
You hit the hornet. Your kick misses the hornet.
The hornet is moderately wounded.
The hornet stings you but does no damage.
The hornet stings you.
You feel yourself slow down.
You closely miss the hornet.
The hornet is moderately wounded.
You feel yourself speed up. The hornet closely misses you.
The hornet stings you!
You are poisoned.
You feel yourself slow down.
Throw: 2 throwing nets
Press: ? - help, Q - select action Shift-Dir - straight line, f/p - hornet
Aim: a hornet (moderately wounded, 42% to hit)
You throw a throwing net.
The throwing net completely misses the hornet.
You feel very sick. The hornet closely misses you. The hornet stings you!
* * * LOW HITPOINT WARNING * * *
Your blood congeals into armour.
You are lethally poisoned!
You feel as though you will be slow longer.
Unknown command.
* * * LOW HITPOINT WARNING * * *
You feel very sick. The hornet stings you!
* * * LOW HITPOINT WARNING * * *
You feel as though you will be slow longer.
You feel better. The hornet stings you!
You die...

#. #.#.# #.###.#.#
#.....#'######
..######..........#
....................#
....#####...........#
........)...........#
.....###.#..........#
.....#.........y@.$.#
.....#.#.#.....○☼...#
.....#.#.####.#######
.....#.#.. ...#
####.#†##...... #
#.#.#...... . #
#.#.#..... #
#...#(##### # #####


You could see a hornet.

Vanquished Creatures
  Sigmund (D:3)
  A scorpion (D:4)
  Jessica (D:3)
  Terence (D:3)
  An orc wizard (D:3)
  A hound skeleton (D:4)
  4 adders
  An ufetubus (D:2)
  3 dart slugs (D:2)
  10 orcs
  3 endoplasms
  4 giant cockroaches
  9 goblins
  4 hobgoblins
  8 jackals
  3 quokkas
  4 ball pythons
  4 bats
  2 frilled lizards
  4 kobolds
  8 rats
77 creatures vanquished.

Notes
Turn   | Place    | Note
-------+----------+-------------------------------------------
     0 | D:1      | theswoord the Demonspawn Gladiator began the quest for the
                  | Orb.
     0 | D:1      | Reached XP level 1. HP: 16/16 MP: 1/1
   200 | D:1      | Reached skill level 3 in Long Blades
   232 | D:1      | Gained mutation: Your demonic aura sometimes causes spilled
                  | blood to erupt in flames. [demonic ancestry]
   232 | D:1      | Reached XP level 2. HP: 9/22 MP: 2/2
   929 | D:1      | Gained mutation: When seriously injured, your bleeding
                  | wounds create armour. (AC +6) [demonic ancestry]
   929 | D:1      | Reached XP level 3. HP: 27/27 MP: 3/3
  1024 | D:1      | Found a faded altar of an unknown god.
  1200 | D:1      | Reached skill level 4 in Long Blades
  2090 | D:2      | Gained mutation: You have large cloven feet. [demonic
                  | ancestry]
  2090 | D:2      | Reached XP level 4. HP: 33/33 MP: 4/4
  2214 | D:3      | Noticed Sigmund
  2422 | D:3      | HP: 1/33 [fell downstairs (1)]
  2856 | D:3      | Noticed Terence
  2870 | D:3      | Killed Terence
  2871 | D:3      | Reached skill level 5 in Long Blades
  3179 | D:3      | Gained mutation: Your demonic aura often causes spilled
                  | blood to erupt in flames. [demonic ancestry]
  3179 | D:3      | Reached XP level 5. HP: 23/38 MP: 5/5
  3551 | D:3      | Killed Sigmund
  3552 | D:3      | Reached skill level 6 in Long Blades
  3552 | D:3      | Gained mutation: You regenerate a little health from kills.
                  | [demonic ancestry]
  3552 | D:3      | Reached XP level 6. HP: 24/44 MP: 6/6
  3783 | D:3      | Noticed Jessica
  3788 | D:3      | Killed Jessica
  3957 | D:4      | Found a staircase to the Ecumenical Temple.
  3968 | Temple   | Entered the Ecumenical Temple
  4001 | Temple   | Became a worshipper of the Wu Jian Council
  4325 | D:4      | Noticed a hornet
  4333 | D:4      | HP: 1/44 [hornet (13)]
  4334 | D:4      | Slain by a hornet

Skill      XL: |  1  2  3  4  5 |
---------------+----------------+-----
Long Blades    | 3 4 5 6 |  6.9
Fighting       | |  2.0
Throwing       | |  1.7
Dodging        | |  2.6

Action                   |  1- 3 |  4- 6 || total
-------------------------+-------+-------++-------
Melee: Long sword        |   147 |   110 ||   257
       Kick              |       |    34 ||    34
Throw: Boomerang         |       |     3 ||     3
       Throwing net      |       |     2 ||     2
Invok: Lunge             |       |     3 ||     3
  Use: Scroll            |     4 |       ||     4
       Potion            |       |     7 ||     7
 Stab: Sleeping          |     1 |       ||     1
       Held in net/web   |       |     1 ||     1
Armor: Leather armour    |    10 |       ||    10
       Scale mail        |    75 |    49 ||   124
Dodge: Dodged            |   106 |    48 ||   154
       Rpst.: Long sword |    27 |    14 ||    41

Levels and vault maps discovered:
D:1:      lemuel_arrival_behind_the_door_large, layout_basic,
          ebering_ecumenical_altar_hall, chequers_decorated_corner,
          minmay_rat_gold_closets
D:2:      layout_loops_ring
D:3:      layout_basic, st_stairs_3, uniq_sigmund, uniq_jessica, uniq_terence
D:4:      cheibrodos_barr_body, layout_basic, minmay_temple_entry_grid,
          chequers_arboretum
Temple:   nicolae_temple_the_god_donut
